 Dungeon Crawl Stone Soup version 0.20.1-1-g8b1a95d (webtiles) character file.

280 Flubber the Skirmisher (level 6, -1/53 HPs)
             Began as a Hill Orc Fighter on Oct 14, 2017.
             Was an Initiate of Zin (penitent).
             Killed from afar by an orc wizard (4 damage)
             ... with a magic dart
             ... on level 4 of the Dungeon.
             The game lasted 00:13:31 (2810 turns).

Flubber the Skirmisher (Hill Orc Fighter)           Turns: 2810, Time: 00:13:31

Health: -1/53      AC:  8    Str: 21    XL:     6   Next: 27%
Magic:  7/7        EV: 11    Int:  8    God:    Zin [*]
Gold:   60         SH:  9    Dex: 10    Spells: 5/5 levels left

rFire    . . .     SeeInvis .   k - +1 whip
rCold    . . .     Gourm    .   c - +0 shield
rNeg     . . .     Faith    .   b - +0 scale mail
rPois    .         Spirit   .   (no helmet)
rElec    .         Reflect  .   (no cloak)
rCorr    .         Harm     .   (no gloves)
MR       .....                  l - +0 pair of boots
Stlth    ..........             (no amulet)
Regen    0.2/turn               t - +3 ring of evasion
MPRegen  0.1/turn               (no ring)

@: no status effects
A: no striking features
a: Donate Gold, Renounce Religion


You were on level 4 of the Dungeon.
You worshipped Zin.
Zin was demanding penance.
You were not hungry.

You visited 1 branch of the dungeon, and saw 4 of its levels.

You collected 134 gold pieces.
You donated 74 gold pieces to Zin.

Inventory:

Hand Weapons
 a - a +0 flail
 g - a +0 hand axe
 i - a +0 mace
 k - a +1 whip (weapon)
Missiles
 r - 5 tomahawks (quivered)
 u - 46 bolts
Armour
 b - a +0 scale mail (worn)
 c - a +0 shield (worn)
 d - a +0 ring mail
 l - a +0 pair of boots (worn)
Jewellery
 n - an uncursed amulet of inaccuracy
 t - a +3 ring of evasion (left hand)
Scrolls
 e - a scroll of amnesia
 j - a scroll of identify
Comestibles
 f - 4 bread rations
 m - 2 meat rations


   Skills:
 + Level 4.5 Fighting
 * Level 4.5 Maces & Flails
 + Level 4.3 Armour
 + Level 1.2 Dodging
 + Level 4.1 Shields
 + Level 1.5 Invocations


You had 5 spell levels left.
You didn't know any spells.

Dungeon Overview and Level Annotations

Branches:
Dungeon (4/15)
 Temple: D:4-7

Altars:
Cheibriados
Uskayaw
Zin


Message History

The orc wizard casts a spell at you. The magic dart hits you!
Zin protects you from harm!
Items here: ))) [[ †† You aren't carrying any potions.
The orc wizard hits you but does no damage.
You hit the orc wizard.
The orc wizard is lightly wounded.
The orc wizard casts a spell.
The orc wizard blinks!
The orc wizard gestures wildly while chanting.
The orc wizard blinks!
Items here: ))) [[ †† You feel yourself speed up.
The orc wizard mumbles some strange words.
The orc wizard blinks!
Items here: ))) [[ †† The orc wizard casts a spell at you.
The magic dart hits you!
You die...

o#.[. #########.....
#.#######
#.......o.....
#.......#
#............. #
#####.# #....o........
###.#<#.#
#.<.......####
......#.####.......).#
....#.......#.########
............#...@#
....#.......§..#)#
....)......o.....#
.................#
.................#
.................#
#######..♣._.♣♣.##
###♣♣♣♣.### ##


You could see an orc wizard.

Vanquished Creatures
  The ghost of mfyou the Covered, an amateur MiFi (D:4)
  5 adders
  An ooze (D:1)
  4 worms
  2 dart slugs
  A leopard gecko (D:4)
  3 orcs (D:4)
  8 bats
  2 giant cockroaches (D:1)
  8 goblins
  7 hobgoblins
  9 jackals
  A quokka (D:3)
  2 frilled lizards
  12 kobolds
  7 rats
73 creatures vanquished.

Notes
Turn   | Place    | Note
-------+----------+-------------------------------------------
     0 | D:1      | Flubber the Hill Orc Fighter began the quest for the Orb.
     0 | D:1      | Reached XP level 1. HP: 19/19 MP: 1/1
   138 | D:1      | Reached XP level 2. HP: 27/27 MP: 2/2
   483 | D:1      | Reached XP level 3. HP: 22/33 MP: 3/3
  1126 | D:2      | Reached XP level 4. HP: 39/40 MP: 4/4
  1304 | D:2      | Found a hide-covered altar of Uskayaw.
  1373 | D:2      | Found a snail-covered altar of Cheibriados.
  1969 | D:3      | Reached XP level 5. HP: 27/46 MP: 5/5
  2583 | D:4      | Found a glowing silver altar of Zin.
  2589 | D:4      | Noticed mfyou's ghost (amateur MiFi)
  2605 | D:4      | Became a worshipper of Zin the Law-Giver
  2605 | D:4      | Reached * piety under Zin
  2612 | D:4      | Donated 61 gold pieces to Zin
  2657 | D:4      | Was placed under penance by Zin
  2658 | D:4      | HP: 1/69 [mfyou's ghost (9)]
  2662 | D:4      | Killed mfyou's ghost
  2662 | D:4      | Reached skill level 1 in Dodging
  2662 | D:4      | Reached skill level 1 in Invocations
  2662 | D:4      | Reached XP level 6. HP: 2/53 MP: 5/7
  2800 | D:4      | HP: 1/53 [orc wizard/magic dart (4)]
  2801 | D:4      | Zin protects you from harm!
  2810 | D:4      | Killed from afar by an orc wizard

Skill      XL: |  1  2  3  4  5 |
---------------+----------------+-----
Maces & Flails | 3 4 |  4.5
Fighting       | 4 |  4.5
Armour         | 4 |  4.3
Dodging        | 1 |  1.2
Shields        | 4 |  4.1
Invocations    | 1 |  1.5

Action                   |  1- 3 |  4- 6 || total
-------------------------+-------+-------++-------
Melee: Flail             |    13 |       ||    13
       Mace              |    23 |       ||    23
       Whip              |   129 |   281 ||   410
Invok: Donate Gold       |       |     2 ||     2
  Use: Potion            |     2 |     7 ||     9
       Scroll            |     3 |     2 ||     5
  Eat: Chunk             |     1 |     6 ||     7
Armor: Scale mail        |    83 |    86 ||   169
       Skin              |       |     3 ||     3
Dodge: Dodged            |    38 |    71 ||   109
Block: Shield            |    80 |   107 ||   187
